 Dungeon Crawl Stone Soup version 0.23.2-40-g277498a001 (webtiles) character file.

Game seed: 12673476604955324649

2562 MalarOregon the Slinger (level 9, -5/63 HPs)
             Began as a Halfling Hunter on Aug 16, 2019.
             Was a Priest of Okawaru.
             Slain by an orc warrior
             ... wielding a +0 trident
              (15 damage)
             ... in a bailey.
             The game lasted 00:13:48 (5616 turns).

MalarOregon the Slinger (Halfling Hunter)           Turns: 5616, Time: 00:13:49

Health: -5/63      AC:  6    Str: 15    XL:     9   Next: 87%
Magic:  7/9        EV: 19    Int: 10    God:    Okawaru [***...]
Gold:   431        SH:  0    Dex: 15    Spells: 8/8 levels left

rFire    . . .     SeeInvis .   b - +0 rapier
rCold    . . .     Gourm    .   (shield restricted)
rNeg     . . .     Faith    .   c - +0 leather armour
rPois    .         Spirit   .   n - +1 hat
rElec    .         Reflect  .   m - +1 cloak
rCorr    .         Harm     .   (no gloves)
MR       .....                  (no boots)
Stlth    +++.......             (no amulet)
HPRegen  0.20/turn              (no ring)
MPRegen  0.11/turn              (no ring)

@: heroism
A: small, mutation resistance 1
a: Heroism, Renounce Religion


You were in a bailey.
You worshipped Okawaru.
Okawaru was most pleased with you.
You were not hungry.

You visited 1 branch of the dungeon, and saw 8 of its levels.
You also visited: Bailey.

You collected 431 gold pieces.

Inventory:

Hand Weapons
 a - a +2 hunting sling
 b - a +0 rapier (weapon)
   (You took it off Eustachio on level 5 of the Dungeon)
Missiles
 g - 140 stones (quivered)
Armour
 c - a +0 leather armour (worn)
 m - a +1 cloak (worn)
   (You found it on level 2 of the Dungeon)
 n - a +1 hat (worn)
   (You found it on level 2 of the Dungeon)
Jewellery
 u - an uncursed ring of protection from fire {unknown}
   (You found it on level 3 of the Dungeon)
Wands
 q - a wand of polymorph (4)
   (You found it on level 8 of the Dungeon)
 v - a wand of digging (6)
   (You took it off Ijyb on level 3 of the Dungeon)
Scrolls
 k - a scroll of amnesia
 l - a scroll of remove curse {@r2}
 s - 2 scrolls of teleportation {@r4}
 y - a scroll of enchant armour
Potions
 h - 4 potions of might
 i - a potion of heal wounds {@q2}
 p - 2 potions of mutation {!q}
 r - a potion of magic
 w - a potion of curing {@q1}
 x - 2 potions of lignification {unknown}
 z - a potion of invisibility {unknown}
 A - a potion of ambrosia {unknown}
Comestibles
 e - 13 rations {!d}


   Skills:
 + Level 6.9(11.9) Fighting
 + Level 8.6(13.6) Short Blades
 + Level 11.7(16.7) Slings
 - Level 2.1(7.1) Dodging
 - Level 1.1(6.1) Stealth


You had 8 spell levels left.
You didn't know any spells.
Your spell library contained the following spells:

 Spells                   Type           Power        Failure   Level  Hunger
 Animate Skeleton         Necr           N/A          41%         1    ##.....
 Apportation              Tloc           #.....       41%         1    ##.....
 Confusing Touch          Hex            #.....       41%         1    ##.....
 Flame Tongue             Conj/Fire      #....        41%         1    ##.....
 Summon Small Mammal      Summ           #...         41%         1    ##.....
 Throw Flame              Conj/Fire      #.....       56%         2    ###....
 Conjure Flame            Conj/Fire      #.......     80%         3    ####...
 Inner Flame              Hex/Fire       #.......     80%         3    ####...
 Sticky Flame             Conj/Fire      #.......     99%         4    #####..
 Fireball                 Conj/Fire      #.........   100%        5    ######.


Dungeon Overview and Level Annotations

Branches:
Dungeon (8/15)
 Temple: D:4-7         Lair: D:8-11

Altars:
Dithmenos
Fedhas
Okawaru

Shops:
D:5 (


Innate Abilities, Weirdness & Mutations

You are small and have problems with some larger weapons.
You are somewhat resistant to further mutation.


Message History

You shoot a stone.
The stone hits the orc warrior but does no damage.
Firing (i - inventory)
g - 148 stones (quivered)
Aim: an orc warrior, wielding a +0 trident and wearing a +0 scale mail (severely wounded)
You shoot a stone.
The stone hits the orc warrior but does no damage.
The orc warrior barely misses you.
Firing (i - inventory)
g - 147 stones (quivered)
Aim: an orc warrior, wielding a +0 trident and wearing a +0 scale mail (severely wounded)
You shoot a stone.
The stone closely misses the orc warrior.
Firing (i - inventory)
g - 146 stones (quivered)
Aim: an orc warrior, wielding a +0 trident and wearing a +0 scale mail (severely wounded)
You shoot a stone. The stone hits the orc warrior.
The orc warrior closely misses you.
Firing (i - inventory)
g - 145 stones (quivered)
Aim: an orc warrior, wielding a +0 trident and wearing a +0 scale mail (severely wounded)
You shoot a stone. The stone hits the orc warrior.
Firing (i - inventory)
g - 144 stones (quivered)
Aim: an orc warrior, wielding a +0 trident and wearing a +0 scale mail (almost dead)
You shoot a stone. The stone hits the orc warrior.
The orc warrior barely misses you.
Firing (i - inventory)
g - 143 stones (quivered)
Aim: an orc warrior, wielding a +0 trident and wearing a +0 scale mail (almost dead)
You shoot a stone.
The stone barely misses the orc warrior.
The orc warrior hits you from afar with a +0 trident.
* * * LOW HITPOINT WARNING * * *
Firing (i - inventory)
g - 142 stones (quivered)
Aim: an orc warrior, wielding a +0 trident and wearing a +0 scale mail (almost dead)
You shoot a stone.
The stone closely misses the orc warrior.
Firing (i - inventory)
g - 141 stones (quivered)
Aim: an orc warrior, wielding a +0 trident and wearing a +0 scale mail (almost dead)
You shoot a stone.
The stone barely misses the orc warrior.
The orc warrior hits you from afar with a +0 trident!!
* * * LOW HITPOINT WARNING * * *
Okay, then.
You gain the combat prowess of a mighty hero.
Wield which item (- for none, * to show all)? (? for menu, Esc to quit)
b - a +0 rapier (weapon)
You closely miss the orc warrior. The orc warrior misses you.
You hit the orc warrior but do no damage.
You hit the orc warrior but do no damage.
The orc warrior completely misses you.
You hit the orc warrior. You miss the orc warrior.
The orc warrior hits you with a +0 trident!
You die...

#≈...≈.....∩(∩..≈....≈.#
#≈...≈.≈≈..⌠.⌠..≈.≈≈.≈.#
#≈≈..≈≈.≈≈≈...≈≈≈.≈)≈≈.#
#≈≈⌠..≈≈..≈≈≈≈≈.(≈≈.≈.##
##≈≈...≈≈≈.....≈≈≈.≈≈.#
##≈≈..))≈≈≈≈≈≈≈..≈≈..#
##≈..≈≈.....).≈≈≈.⌠.#
#≈...≈≈≈≈≈≈≈≈≈))..##
#≈...@........#####
####o##########
#.....o(((..
##....).(((( ##≈≈≈≈≈≈≈≈≈
##########


You could see an orc warrior.

Vanquished Creatures
  Prince Ribbit (D:7)
  Sigmund (D:3)
  Eustachio (D:5)
  An orc warrior (Bailey)
  An ice beast (D:7)
  A phantom (D:4)
  3 centaurs
  2 ogres
  A bullfrog (D:7)
  3 scorpions
  3 wights (D:2)
  A howler monkey (D:4)
  2 crimson imps
  2 jellies
  5 orc wizards
  2 centaur skeletons
  2 hounds
  6 orc priests
  A bullfrog skeleton (D:3)
  Ijyb (D:3)
  Jessica (D:2)
  7 worker ants
  3 gnolls (D:4)
  6 adders
  2 shadow imps
  An ooze (D:7)
  An adder zombie (D:5)
  2 adder skeletons (D:4)
  A dart slug (D:3)
  4 worms
  5 leopard geckos
  24 orcs
  A ball python (D:3)
  3 giant cockroaches
  4 goblins
  4 hobgoblins
  4 jackals (D:3)
  4 quokkas
  5 bats
  4 frilled lizards
  A jackal skeleton (D:4)
  4 kobolds
  3 quokka skeletons
  4 rats
138 creatures vanquished.

Notes
Turn   | Place    | Note
-------+----------+-------------------------------------------
     0 | D:1      | MalarOregon the Halfling Hunter began the quest for the
                  | Orb.
     0 | D:1      | Reached XP level 1. HP: 14/14 MP: 1/1
   458 | D:1      | Reached skill level 6 in Slings
   459 | D:1      | Reached XP level 2. HP: 16/19 MP: 2/2
   468 | D:1      | Reached skill level 1 in Short Blades
   810 | D:2      | Reached XP level 3. HP: 24/24 MP: 3/3
   968 | D:2      | Noticed Jessica
   970 | D:2      | Killed Jessica
   970 | D:2      | Reached XP level 4. HP: 30/30 MP: 4/4
  1161 | D:2      | Reached XP level 5. HP: 35/36 MP: 5/5
  1181 | D:2      | Reached skill level 7 in Slings
  1878 | D:3      | Reached XP level 6. HP: 37/42 MP: 6/6
  1898 | D:3      | Found a shadowy altar of Dithmenos.
  1965 | D:3      | Found an iron altar of Okawaru.
  1998 | D:3      | Became a worshipper of Warmaster Okawaru
  2141 | D:3      | Noticed Sigmund
  2151 | D:3      | Killed Sigmund
  2151 | D:3      | Reached skill level 8 in Slings
  2151 | D:3      | Reached XP level 7. HP: 37/47 MP: 7/7
  2220 | D:3      | Noticed Ijyb
  2231 | D:3      | Killed Ijyb
  2783 | D:4      | Reached * piety under Okawaru
  2783 | D:4      | Reached skill level 5 in Short Blades
  2853 | D:4      | Reached skill level 9 in Slings
  2853 | D:4      | Reached XP level 8. HP: 46/54 MP: 8/8
  2897 | D:4      | Found a blossoming altar of Fedhas.
  3103 | D:4      | Reached skill level 5 in Fighting
  3375 | D:4      | Reached ** piety under Okawaru
  3709 | D:4      | Reached skill level 10 in Slings
  3848 | D:5      | Entered Level 5 of the Dungeon
  3879 | D:5      | Noticed Eustachio
  3890 | D:5      | Killed Eustachio
  4003 | D:5      | Learned a level 1 spell: Confusing Touch
  4029 | D:5      | Reached XP level 9. HP: 52/62 MP: 9/9
  4491 | D:5      | Found Vyxadiw's Weapon Shoppe.
  4806 | D:6      | You fall through a shaft for 2 floors!
  4840 | D:8      | Noticed a death yak
  4840 | D:8      | Noticed an elephant
  4923 | D:7      | Noticed Prince Ribbit
  4935 | D:7      | Killed Prince Ribbit
  4935 | D:7      | Reached *** piety under Okawaru
  4935 | D:7      | Reached skill level 11 in Slings
  5204 | D:7      | Found a flagged portal.
  5212 | Bailey   | Entered a bailey
  5242 | Bailey   | HP: 3/63 [centaur/javelin of returning (14)]
  5244 | Bailey   | HP: 1/63 [centaur/javelin of returning (3)]
  5616 | Bailey   | Slain by an orc warrior

Skill      XL: |  1  2  3  4  5  6  7  8  9 |
---------------+----------------------------+-----
Slings         | 6 7 8 9 10 11 | 11.7
Fighting       | 2 3 4 5 6 |  6.9
Short Blades   | 1 2 3 4 5 7 8 |  8.6
Dodging        | |  2.1
Stealth        | |  1.1

Action                   |  1- 3 |  4- 6 |  7- 9 || total
-------------------------+-------+-------+-------++-------
Melee: Short sword       |    10 |       |       ||    10
       Rapier            |       |       |     5 ||     5
 Fire: Hunting sling     |    46 |    78 |   521 ||   645
Invok: Heroism           |       |       |     1 ||     1
  Use: Scroll            |       |       |    14 ||    14
       Potion            |       |       |     1 ||     1
  Eat: Chunk             |       |     3 |    10 ||    13
Armor: Leather armour    |     2 |     1 |    17 ||    20
Dodge: Dodged            |    11 |     4 |   105 ||   120
